 Dungeon Crawl Stone Soup version 0.25.0-1-g7eea58d (webtiles) character file.

Game seed: 11486112736931165023

106 Dorkslayer the Chopper (level 4, -2/37 HPs)
             Began as a Demonspawn Berserker on June 23, 2020.
             Was a Believer of Trog.
             Slain by an adder (4 damage)
             ... on level 3 of the Dungeon.
             The game lasted 00:05:37 (1630 turns).

Dorkslayer the Chopper (Demonspawn Berserker)       Turns: 1630, Time: 00:05:38

Health: -2/37      AC:  8    Str: 17 (19) XL:     4   Next: 55%
Magic:  4/4        EV:  7    Int:  7 (8)  God:    Trog [**....]
Gold:   101        SH:  0    Dex: 10 (12) Spells: 3/3 levels left

rFire    . . .     SeeInvis .   f - +0 war axe
rCold    . . .     Gourm    .   (no shield)
rNeg     . . .     Faith    .   i - +0 chain mail
rPois    .         Spirit   .   (no helmet)
rElec    .         Reflect  .   (no cloak)
rCorr    .         Harm     .   (no gloves)
MR       .....                  (no boots)
Stlth    ..........             (no amulet)
HPRegen  0.12/turn              (no ring)
MPRegen  0.09/turn              (no ring)

@: brilliant, lethally poisoned (-2 -> -20), slowed, very slow
A: claws 1
a: Berserk, Trog's Hand, Renounce Religion


You were on level 3 of the Dungeon.
You worshipped Trog.
Trog was pleased with you.
You were not hungry.

You visited 1 branch of the dungeon, and saw 3 of its levels.

You collected 101 gold pieces.

Inventory:

Hand Weapons
 a - a +0 hand axe
 f - a +0 war axe (weapon)
Missiles
 h - 12 poisoned darts (quivered)
Armour
 i - a +0 chain mail (worn)
Potions
 e - 2 potions of cancellation
 g - a potion of stabbing
Comestibles
 b - 6 chunks of flesh
 c - 3 rations


   Skills:
 + Level 3.8 Fighting
 + Level 3.9 Axes
 + Level 1.9 Armour
 + Level 2.2 Dodging
 + Level 0.6 Stealth


You had 3 spell levels left.
You didn't know any spells.
Your spell library was empty.

Dungeon Overview and Level Annotations

Branches:
Dungeon (3/15)

Altars:


Innate Abilities, Weirdness & Mutations

You have sharp fingernails.


Message History

There was something very wrong with that liquid.
You feel weakened.
You feel dopey.
You feel clumsy.
* * * LOW HITPOINT WARNING * * *
You feel sick. The adder bites you but does no damage.
The orc barely misses you. The orc wizard barely misses you.
The adder completely misses you.
Okay, then.
You miss the adder.
The adder is lightly wounded.
You miss the orc wizard. You barely miss the orc.
* * * LOW HITPOINT WARNING * * *
You feel sick. The adder bites you but does no damage.
The orc barely misses you. The orc wizard barely misses you.
The adder bites you.
* * * LOW HITPOINT WARNING * * *
You are more poisoned.
The adder poisons you!
The orc wizard hits you but does no damage.
The orc hits you but does no damage. The adder bites you.
You die...

##########
#..o.....#
#S@....#
#.......o...#
#.............#
............#.#
#.#.........# #
..............
#.#############
.!


You could see an orc wizard, an adder and an orc.

Vanquished Creatures
  An orc priest (D:2)
  2 adders (D:2)
  An ooze (D:2)
  A worm (D:2)
  3 dart slugs (D:1)
  5 orcs
  A ball python (D:1)
  4 giant cockroaches
  4 goblins
  4 hobgoblins
  4 jackals (D:2)
  4 kobolds
  A bat (D:1)
  A frilled lizard (D:1)
  2 rats (D:2)
38 creatures vanquished.

Notes
Turn   | Place    | Note
-------+----------+-------------------------------------------
     0 | D:1      | Dorkslayer the Demonspawn Berserker began the quest for the
                  | Orb.
     0 | D:1      | Reached XP level 1. HP: 18/18 MP: 1/1
   342 | D:1      | Gained mutation: You have sharp fingernails. [demonic
                  | ancestry]
   342 | D:1      | Reached XP level 2. HP: 19/24 MP: 2/2
   835 | D:2      | Reached XP level 3. HP: 23/29 MP: 3/3
  1332 | D:3      | Reached XP level 4. HP: 37/37 MP: 4/4
  1340 | D:2      | Reached ** piety under Trog
  1630 | D:3      | Slain by an adder

Illustrated notes

Levels and vault maps discovered:
D:1:      dpeg_arrival_central, layout_loops_ring
D:2:      layout_loops_cross, first_ration
D:3:      layout_basic

Skill      XL: |  1  2 |
---------------+-------+-----
Axes           | 3 |  3.9
Dodging        | 2 |  2.2
Fighting       | |  3.8
Armour         | |  1.9
Stealth        | |  0.6

Action                   |  1- 3 |  4- 6 || total
-------------------------+-------+-------++-------
Melee: Hand axe          |    98 |    11 ||   109
       War axe           |       |    10 ||    10
Throw: Dart              |       |     1 ||     1
  Use: Scroll            |     6 |       ||     6
       Potion            |     2 |     2 ||     4
 Stab: Sleeping          |     2 |       ||     2
       Invisible         |     3 |       ||     3
  Eat: Chunk             |     1 |     1 ||     2
Armor: Animal skin       |    12 |       ||    12
       Chain mail        |       |    19 ||    19
Dodge: Dodged            |    57 |    26 ||    83
